 Dungeon Crawl Stone Soup version 0.16.1-28-gcc2312f (webtiles) character file.

61 Kidiri the Ruffian (level 3, -1/29 HPs)
             Began as a Draconian Transmuter on May 28, 2015.
             Succumbed to an adder's poison
             ... on level 2 of the Dungeon.
             The game lasted 00:07:08 (1398 turns).

Kidiri the Ruffian (Draconian Transmuter)           Turns: 1398, Time: 00:07:08

Health: -1/29      AC:  2    Str: 12    XL:     3   Next: 83%
Magic:  3/6        EV: 20    Int: 14    God:
Gold:   68         SH:  0    Dex: 16    Spells: 3 memorised, 0 levels left

rFire  . . .     SeeInvis .       - Unarmed
rCold  . . .     Rnd*Rage +     (armour unavailable)
rNeg   . . .     SustAb   .     (shield currently unavailable)
rPois  x         Gourm    .     (helmet currently unavailable)
rElec  .         Spirit   .     (cloak currently unavailable)
rCorr  .         Warding  .     (gloves currently unavailable)
rMut   .         Stasis   .     (boots currently unavailable)
MR     .....                    (no amulet)
Stlth  +.........               (no ring)
                                (no ring)

@: lethally poisoned (-1 -> -20), spider-form (expiring), flying, not resistant
to hostile enchantments, very unstealthy
A: unfitting armour, berserk 1, (fire resistance 0), (cold-blooded), AC +5
a: End Transformation


You were on level 2 of the Dungeon.
You were not hungry.
You were a venomous arachnid creature.
You visited 1 branch of the dungeon, and saw 2 of its levels.

You collected 68 gold pieces.

Inventory:

Missiles
 b - 31 arrows
Scrolls
 c - a scroll of teleportation
 e - a scroll of fear {unknown}
 f - a scroll of blinking {unknown}
 h - a scroll of identify
 j - a scroll of amnesia {unknown}
 k - a scroll of fog {unknown}
 m - a scroll of random uselessness {unknown}
Potions
 g - a potion of mutation
Books
 d - a book of Changes

   Spells                             Type                      Level
   a - Beastly Appendage              Transmutation                1
   b - Sticks to Snakes               Transmutation                2
   c - Spider Form                    Transmutation/Poison         3
   d - Ice Form                       Ice/Transmutation            4
   e - Blade Hands                    Transmutation                5
Comestibles
 a - a bread ration


   Skills:
 + Level 1.7 Fighting
 * Level 2.4 Dodging
 * Level 3.4 Unarmed Combat
 * Level 2.4 Spellcasting
 + Level 2.4 Transmutations
 + Level 0.6 Poison Magic


You couldn't memorise any spells.
You knew the following spells:

 Your Spells              Type           Power        Failure   Level  Hunger
a - Beastly Appendage     Trmt           #.....       24%         1    #......
b - Sticks to Snakes      Trmt           #.........   32%         2    ###....
c - Spider Form           Trmt/Pois      #.........   61%         3    ###....


Dungeon Overview and Level Annotations

Branches:
Dungeon (2/15)

Altars:


Innate Abilities, Weirdness & Mutations

((Your plain brown scales are hard (AC +5).))
Your body does not fit into most forms of armour.
((Your cold-blooded metabolism reacts poorly to cold.))
You tend to lose your temper in combat.
((Your flesh is heat resistant.))


Message History

Drink which item? (? for menu, Esc to quit)
It was a potion of flight.
You feel very buoyant.
You fly up into the air.
* * * LOW HITPOINT WARNING * * *
You feel sick. The adder closely misses you. The adder bites you.
* * * LOW HITPOINT WARNING * * *
You are more poisoned.
The adder poisons you!
You hit the adder but do no damage.
The adder is poisoned.
* * * LOW HITPOINT WARNING * * *
You feel sick. The adder closely misses you.
* * * LOW HITPOINT WARNING * * *
You feel sick.
Read which item? (? for menu, Esc to quit)
As you read the scroll labeled BANLIRCHI PNIELIXT, it crumbles to dust.
It is a scroll of identify.
Identify which item? (\ to view known items) (? for menu, Esc to quit)
c - a scroll of teleportation You die...

#######............#
#..[....<.....)...†.
#.#.#####.##.........#
#.#.#####.###.#...#(##
......##.# #.......#
#.##.##.# #.#.).#.#
#.......# #.##.##.#
###..#### #.......#
#s## ###...### #S#
#...# #g# #...# #S#
#...# l.. #.... ..#
..... .... ... #..#
...#


You could see 2 adders, a goblin and a giant newt.

Vanquished Creatures
  2 adders (D:2)
  A giant mite (D:1)
  A giant gecko (D:2)
  A giant cockroach (D:1)
  6 goblins
  5 hobgoblins
  4 jackals (D:1)
  5 kobolds (D:1)
  3 bats
  A giant newt (D:1)
  A rat (D:1)
30 creatures vanquished.

Notes
Turn   | Place    | Note
--------------------------------------------------------------
     0 | D:1      | Kidiri, the Draconian Transmuter, began the quest for the Orb.
     0 | D:1      | Reached XP level 1. HP: 16/16 MP: 3/3
   500 | D:1      | Reached XP level 2. HP: 23/23 MP: 2/4
   624 | D:1      | Learned a level 2 spell: Sticks to Snakes
   827 | D:1      | Reached XP level 3. HP: 29/29 MP: 6/6
  1142 | D:2      | Learned a level 3 spell: Spider Form
  1394 | D:2      | Gained mutation: You tend to lose your temper in combat. [potion of mutation]
  1394 | D:2      | Gained mutation: Your flesh is heat resistant. [potion of mutation]
  1397 | D:2      | HP: 1/29 [poisoned by an adder]
  1398 | D:2      | Succumbed to an adder's poison

Action                   || total
-------------------------++-------
Melee: Unarmed           ||   142
 Cast: Beastly Appendage ||     8
       Spider Form       ||     1
  Use: Potion            ||     2
       Scroll            ||     1
  Eat: Chunk             ||     2
